 Dungeon Crawl Stone Soup version 0.18-a0-888-g17a9b31 (console) character file.

88 ratboy the Insei (level 4, -2/30 HPs)
             Began as a Lacertilian Monk on Jan 2, 2016.
             Slain by a gnoll
             ... wielding a +0 flail
              (3 damage)
             ... on level 2 of the Dungeon.
             The game lasted 00:03:56 (1802 turns).

ratboy the Insei (Lacertilian Monk)                 Turns: 1802, Time: 00:03:56

Health: -2/30      AC:  8    Str: 10    XL:     4   Next: 54%
Magic:  3/3        EV: 11    Int: 11    God:
Gold:   63         SH:  0    Dex: 17    Spells: 0 memorised, 3 levels left

rFire  . . .     SeeInvis .       - Unarmed
rCold  . . .     Gourm    .     d - +0 ring mail
rNeg   . . .     Faith    +     (no shield)
rPois  .         Spirit   .     (no helmet)
rElec  .         Dismiss  .     (no cloak)
rCorr  .         Reflect  .     (no gloves)
SustAt .         Harm     .     (no boots)
MR     .....                    (no amulet)
Stlth  +++.......               (no ring)
                                (no ring)

@: not resistant to hostile enchantments, fairly stealthy
A: faith, no wrath for changing religions, slimy green scales 2, camouflage 1,
cold-blooded
a: no special abilities


You were on level 2 of the Dungeon.
You were not hungry.

You visited 1 branch of the dungeon, and saw 2 of its levels.

You collected 63 gold pieces.

Inventory:

Missiles
 j - 64 stones (quivered)
 l - 6 poisoned needles
Armour
 d - a +0 ring mail (worn)
Scrolls
 f - a scroll of random uselessness {unknown}
 g - a scroll of fear {unknown}
 h - a scroll of identify {unknown}
 k - a scroll of amnesia {unknown}
Potions
 a - a potion of degeneration {unknown}
 e - a potion of curing
 i - a potion of might {unknown}
Comestibles
 b - a bread ration
 c - 2 meat rations


   Skills:
 - Level 2.4 Fighting
 - Level 3.0 Dodging
 - Level 2.4 Stealth
 + Level 4.8 Unarmed Combat


You had 3 spell levels left.
You didn't know any spells.

Dungeon Overview and Level Annotations

Branches:
Dungeon (2/15)

Altars:
Ru
Vehumet


Innate Abilities, Weirdness & Mutations

You have a strong connection with the divine.
You may change religions without incurring divine wrath.
You are mostly covered in slimy green scales (AC +3).
Your skin changes colour to match your surroundings (Stealth).
You are cold-blooded and may be slowed by cold attacks.


Message History

You butcher the jackal corpse. x2
You stop butchering the corpse.
Things that are here:
a flail; a gnoll corpse
Things that are here:
a flail; a gnoll corpse The gnoll hits you with a flail.
You hit the gnoll but do no damage. You hit the gnoll.
The gnoll is lightly wounded.
The gnoll hits you with a flail!
* * * LOW HITPOINT WARNING * * *
You hit the gnoll.
The gnoll is heavily wounded.
The gnoll hits you with a flail.
* * * LOW HITPOINT WARNING * * *
You hit the gnoll.
Your tail-slap misses the gnoll.
You punch the gnoll, but do no damage.
The gnoll is severely wounded.
The gnoll hits you with a flail.
You die...

≈≈r≈h. #.#.# ≈≈≈≈h.##.#.#
≈≈≈≈≈.g#.#÷### ...≈.⌠.......#
....)......#.# ...........#.#
########.#.#.# #.#)#.# ..#.#.#
...#g#.# g.bK#@#.# .....#)#.#
gS....#.#.# ### .g.....#(#.#
####..### ..#.# .........
g###.# .........
..###.###........... ##
#...>.#...........
#######.)##.#........... .
#............#.#........
..######.#####..#...#.#.#.###.#


You could see a gnoll.

Vanquished Creatures
  4 adders (D:2)
  A gnoll (D:2)
  3 giant geckos (D:1)
  A ball python (D:1)
  A bat (D:1)
  A giant cockroach (D:1)
  8 hobgoblins
  4 jackals (D:2)
  10 kobolds
  A quokka (D:2)
  A giant newt (D:2)
  A goblin (D:2)
  A rat (D:2)
37 creatures vanquished.

Notes
Turn   | Place    | Note
--------------------------------------------------------------
     0 | D:1      | ratboy the Lacertilian Monk began the quest for the Orb.
     0 | D:1      | Reached XP level 1. HP: 15/15 MP: 0/0
   129 | D:1      | Reached XP level 2. HP: 20/20 MP: 1/1
   770 | D:2      | Reached skill level 4 in Unarmed Combat
   770 | D:2      | Reached XP level 3. HP: 12/25 MP: 2/2
  1574 | D:2      | Reached XP level 4. HP: 30/30 MP: 3/3
  1693 | D:2      | Found a radiant altar of Vehumet.
  1693 | D:2      | Found a sacrificial altar of Ru.
  1801 | D:2      | HP: 1/30 [gnoll/flail (4)]
  1802 | D:2      | Slain by a gnoll

Vault maps used:
D:1:      scummos_arrival_gate
D:2:      kiku_gazebo_pond_becter, gammafunk_temple_overflow_wave,
          kennysheep_generic_room_13

Action                   |  1- 3 |  4- 6 || total
-------------------------+-------+-------++-------
Melee: Unarmed           |   127 |    46 ||   173
  Use: Potion            |       |     1 ||     1
 Stab: Sleeping          |     6 |       ||     6
  Eat: Chunk             |     1 |     2 ||     3
